 Dungeon Crawl Stone Soup version 0.28-a0-779-g3d1f99b579 (webtiles) character file.

Game seed: 15321141783610741585

58296 Woods the Martial Artist (level 14, -6/132 HPs)
             Began as a Gnoll Transmuter on Nov 2, 2021.
             Was the Champion of Cheibriados.
             Killed from afar by an ironbound frostheart (22 damage)
             ... by creeping frost
             ... in an ice cave.
             The game lasted 01:05:09 (27412 turns).

Woods the Martial Artist (Gnoll Transmuter)        Turns: 27412, Time: 01:05:10

Health: -6/132     AC: 13    Str: 25    XL:     14   Next: 90%
Magic:  36/37      EV: 19    Int: 39    God:    Cheibriados [******]
Gold:   2122       SH:  0    Dex: 27    Spells: 7/34 levels left

rFire   . . .      SeeInvis .     - Unarmed
rCold   + + +      Faith    .   (shield currently unavailable)
rNeg    . . .      Spirit   .   (armour currently unavailable)
rPois   +          Reflect  .   (helmet currently unavailable)
rElec   +          Harm     .   (cloak currently unavailable)
rCorr   +          Rampage  .   (gloves currently unavailable)
Will    +....                   (boots currently unavailable)
Stlth   +++++.....              C - amulet of the acrobat
HPRegen 0.32/turn               G - ring of magical power
MPRegen 0.25/turn               g - +6 ring of intelligence

@: ice-form, resistant, very slow
A: freezing attack, amphibious, boosted hp, large, (fangs 1), strong nose,
distributed training
a: End Transformation, Renounce Religion, Bend Time, Temporal Distortion,
Slouch, Step From Time


You were in an ice cave.
You worshipped Cheibriados.
Cheibriados was exalted by your worship.
You were a creature of crystalline ice.
You visited 2 branches of the dungeon, and saw 19 of its levels.
You also visited: Gauntlet and Ice Cave.

You collected 3310 gold pieces.
You spent 1188 gold pieces at shops.

Inventory:

Missiles
 y - 7 throwing nets
Armour
 a - a +0 robe
 k - a +0 cloak (melded)
 l - a +0 helmet (melded)
 s - a +0 plate armour
 B - +0 swamp dragon scales (melded)
 D - a +0 pair of boots (melded)
Jewellery
 c - a ring of poison resistance
 g - a +6 ring of intelligence (right front paw)
 C - an amulet of the acrobat (around neck)
 G - a ring of magical power (left front paw)
 J - a +4 ring of slaying
 M - a ring of fire
 N - a +4 ring of protection
 O - an amulet of magic regeneration
 P - a ring of willpower
Wands
 n - a wand of acid (39)
 q - a wand of polymorph (22)
 u - a wand of iceblast (33)
 v - a wand of digging (5)
 x - a wand of charming (9)
 Q - a wand of flame (14)
Scrolls
 d - 5 scrolls of immolation
 f - a scroll of teleportation
 j - 2 scrolls of torment {unknown}
 r - 12 scrolls of identify
 A - 2 scrolls of enchant armour
 E - 3 scrolls of amnesia
 H - 2 scrolls of fear {unknown}
 I - a scroll of enchant weapon {unknown}
 K - 2 scrolls of noise {unknown}
 L - 2 scrolls of magic mapping
Potions
 b - 3 potions of curing
 e - a potion of flight {unknown}
 h - 3 potions of attraction
 i - 3 potions of mutation
 o - 2 potions of magic {unknown}
 p - 3 potions of lignification {unknown}
 t - a potion of cancellation {unknown}
 w - 3 potions of invisibility {unknown}
 F - a potion of ambrosia


   Skills:
 + Level 10.0 Fighting
 + Level 9.6 Short Blades
 + Level 9.6 Long Blades
 + Level 9.6 Axes
 + Level 9.6 Maces & Flails
 + Level 9.6 Polearms
 + Level 9.6 Staves
 + Level 9.6 Slings
 + Level 9.6 Bows
 + Level 9.6 Crossbows
 + Level 9.6 Throwing
 + Level 9.6 Armour
 + Level 10.7 Dodging
 + Level 9.6 Stealth
 + Level 9.6 Shields
 + Level 11.6 Unarmed Combat
 + Level 10.8 Spellcasting
 + Level 8.0 Conjurations
 + Level 8.0 Hexes
 + Level 8.0 Summonings
 + Level 8.0 Necromancy
 + Level 8.0 Translocations
 + Level 9.0 Transmutations
 + Level 8.0 Fire Magic
 + Level 8.0 Ice Magic
 + Level 8.0 Air Magic
 + Level 8.0 Earth Magic
 + Level 8.0 Poison Magic
 + Level 10.5 Invocations
 + Level 9.6 Evocations


You had 7 spell levels left.
You knew the following spells:

 Your Spells              Type           Power      Damage    Failure   Level
a - Summon Cactus Giant   Summ           35%        N/A       10%         6
b - Wereblood             Tmut           75%        N/A       1%          2
c - Spider Form           Tmut/Pois      73%        N/A       1%          3
d - Ice Form              Ice/Tmut       73%        N/A       1%          4
e - Ozocubu's Armour      Ice            71%        N/A       1%          3
f - Flame Wave            Conj/Fire      71%        3d12      1%          4
g - Lightning Bolt        Conj/Air       35%        1d53      1%          5

Your spell library contained the following spells:

 Spells                   Type           Power      Damage    Failure   Level
 Beastly Appendage        Tmut           100%       N/A       1%          1
 Summon Small Mammal      Summ           100%       N/A       1%          1
 Blink                    Tloc           100%       N/A       1%          2
 Static Discharge         Conj/Air       71%        N/A       1%          2
 Lesser Beckoning         Tloc           71%        N/A       1%          3
 Airstrike                Air            35%        N/A       1%          4
 Animate Armour           Summ/Erth      100%       N/A       1%          4
 Cause Fear               Hex            35%        N/A       1%          4
 Hailstorm                Conj/Ice       71%        3d15      1%          4
 Sticky Flame             Conj/Fire      71%        2d8       1%          4
 Summon Ice Beast         Ice/Summ       71%        N/A       1%          4
 Summon Lightning Spire   Summ/Air       71%        N/A       1%          4
 Fireball                 Conj/Fire      35%        3d15      1%          5
 Iskenderun's Battlesphe  Conj           71%        2d12      1%          5
 Manifold Assault         Tloc           71%        N/A       1%          5
 Metabolic Englaciation   Hex/Ice        35%        N/A       1%          5
 Summon Forest            Summ/Tloc      35%        N/A       1%          5
 Conjure Ball Lightning   Conj/Air       35%        3x3d11    10%         6
 Iron Shot                Conj/Erth      35%        9d7       10%         6
 Simulacrum               Ice/Necr       35%        N/A       10%         6
 Dragon Form              Tmut           37%        N/A       36%         7
 Storm Form               Tmut/Air       36%        N/A       41%         7
 Spellforged Servitor     Conj/Summ      35%        N/A       47%         7
 Maxwell's Capacitive Co  Air            35%        ∞         99%         8
 Dragon's Call            Summ           35%        N/A       100%        9


Dungeon Overview and Level Annotations

Branches:
Dungeon (13/15)            Temple (0/1) D:7            Lair (6/6) D:10
  Swamp (0/4) Lair:2        Snake (0/4) Lair:4          Orc (0/2) D:10
  IceCv (1/1)             Gauntlet (visited)
  Slime: Lair:5-6    Vaults: D:13-14

Altars:
Cheibriados
Elyvilon
Makhleb
Nemelex Xobeh
Qazlal
Ru

Shops:
D:1 :   D:5 (   D:10 !

Annotations:
Lair:5 exclusions: ice dragon and ice statue


Innate Abilities, Weirdness & Mutations

You are a creature of crystalline ice.
You have a powerful freezing melee attack.
You are amphibious.
Your maximum health is increased.
Your armour is entirely melded.
You are incapable of wielding weapons or throwing items.
((You have very sharp teeth.))
Your uncanny sense of smell can sniff out nearby items.
Your experience applies equally to all skills.


Message History

* * * LOW HITPOINT WARNING * * *
You feel much better. The ice encasing you melts away.
The ironbound frostheart completely misses you.
The ironbound frostheart calls freezing cold from the walls.
The frost grips you! You partially resist.
* * * LOW HITPOINT WARNING * * *
You are encased in ice.
You feel much better.
The ironbound frostheart touches you but does no damage.
You feel protected.
The ironbound frostheart barely misses you.
The ironbound frostheart calls freezing cold from the walls.
The frost grips you. You partially resist.
* * * LOW HITPOINT WARNING * * *
You pummel the ironbound frostheart!! You freeze the ironbound frostheart.
The ironbound frostheart is severely wounded.
The ironbound frostheart calls freezing cold from the walls.
The frost grips you!! You partially resist.
* * * LOW HITPOINT WARNING * * *
Unknown command.
You punch the ironbound frostheart! You freeze the ironbound frostheart.
You kill the ironbound frostheart!
Cheibriados appreciates the change of pace.
The ice encasing you melts away.
Press: ? - help, v - describe, . - travel, g - get item
Here: an ironbound frostheart, wearing a +0 scale mail Item here: a +0 scale mail.
The floor, spattered with blood.
You feel better.
The ironbound frostheart barely misses you.
You feel better. The ironbound frostheart touches you!
* * * LOW HITPOINT WARNING * * *
The ironbound frostheart freezes you. You resist.
* * * LOW HITPOINT WARNING * * *
Unknown command.
You feel better.
The ironbound frostheart calls freezing cold from the walls.
The frost grips you!! You partially resist.
You die...

#..##÷..# ##.#
≈≈≈≈###.####
##≈# ≈≈≈≈
###≈≈≈###≈##
≈≈≈≈ #≈≈≈≈≈#≈≈#
≈≈≈≈ ≈≈≈≈≈≈≈≈##
.≈≈≈ ≈≈≈≈≈≈≈≈##
#≈#≈ ≈≈≈≈≈≈≈#.#
#### #≈≈≈≈≈≈#.##
###≈≈≈≈≈≈##Y# ∆
##p##≈≈#≈≈##p# ∆
##†h..#≈##≈#..#
#..##....###..#
#.p###.#.###...#
..... #.###
#...# ....#
##..###..## ....
#.###..## ...#
##.##.##


You could see an ironbound frostheart.

Vanquished Creatures
  Kirke (Lair:5)
  Josephine (D:10)
  Harold (D:11)
  2 boulder beetles
  An ice dragon (Lair:5)
  An ironbound frostheart (IceCv)
  6 hydras
  4 death yaks
  2 two-headed ogres (D:12)
  Nergalle (Lair:2)
  Pikel (D:4)
  A deep elf pyromancer (D:13)
  3 ugly things
  12 elephants
  An oklob plant (Lair:5)
  10 black mambas
  An ice statue (IceCv)
  3 centaur zombies
  2 gargoyles
  Maggie (D:7)
  11 cane toads
  4 rime drakes
  7 komodo dragons
  16 polar bears
  3 trolls
  3 hornets (Lair:5)
  A nameless horror (D:12)
  3 blink frogs (Lair:5)
  A dream sheep (Lair:4)
  2 tyrant leeches (Lair:2)
  2 vampires
  7 wraiths
  63 yaks
  2 wyverns
  2 basilisks
  A steam dragon (D:6)
  A swamp worm (Lair:2)
  30 water moccasins
  A swamp drake (D:10)
  4 orc warriors
  5 ice beasts
  A sky beast (D:6)
  2 black bears
  2 necrophages
  An ogre (D:6)
  25 wolves
  6 centaurs
  4 lemures
  A kobold brigand (D:6)
  Blork the orc (D:4)
  11 bullfrogs
  4 scorpions
  3 gnoll sergeants
  A wyvern zombie (D:8)
  2 wyvern skeletons
  A water moccasin skeleton (D:5)
  9 killer bees (D:9)
  3 electric eels
  2 howler monkeys
  3 hounds
  A bullfrog skeleton (D:7)
  11 orc priests
  Crazy Yiuf (D:3)
  Jessica (D:2)
  3 iguanas
  Natasha (D:2)
  14 orc wizards
  A hound skeleton (D:5)
  A howler monkey zombie (D:9)
  Robin (D:2)
  16 gnolls
  8 adders
  A shadow imp (D:7)
  3 white imps
  An ufetubus (D:5)
  A worm (D:5)
  3 dart slugs
  45 orcs
  8 bats
  4 endoplasms
  2 giant cockroaches (D:1)
  12 goblins
  12 hobgoblins
  3 jackals (D:1)
  5 quokkas
  11 ball pythons
  8 frilled lizards
  9 kobolds
  7 rats
  A bush (Lair:2)
501 creatures vanquished.

Vanquished Creatures (collateral kills)
  2 manticores
  Psyche (D:11)
  A yak (IceCv)
  A centaur (D:12)
5 creatures vanquished.

Vanquished Creatures (others)
  A polar bear (IceCv)
  A centaur (D:12)
  A gnoll (D:6)
  72 fungi
  134 plants
209 creatures vanquished.

Grand Total: 715 creatures vanquished

Notes
Turn   | Place    | Note
-------+----------+-------------------------------------------
     0 | D:1      | Woods the Gnoll Transmuter began the quest for the Orb.
     0 | D:1      | Reached XP level 1. HP: 17/17 MP: 6/6
    32 | D:1      | Reached XP level 2. HP: 23/23 MP: 5/7
    38 | D:1      | Learned a level 2 spell: Wereblood
   162 | D:1      | Found Ciukh's Book Boutique.
   497 | D:1      | Reached XP level 3. HP: 28/28 MP: 7/9
   530 | D:1      | You fall into a shaft and drop 1 floor!
   533 | D:2      | Reached skill level 5 in Spellcasting
   717 | D:2      | Noticed Natasha
   724 | D:2      | Learned a level 3 spell: Spider Form
   744 | D:2      | Killed Natasha
   745 | D:2      | Reached skill level 1 in Short Blades
   745 | D:2      | Reached skill level 1 in Long Blades
   745 | D:2      | Reached skill level 1 in Axes
   745 | D:2      | Reached skill level 1 in Maces & Flails
   745 | D:2      | Reached skill level 1 in Polearms
   745 | D:2      | Reached skill level 1 in Staves
   745 | D:2      | Reached skill level 1 in Slings
   745 | D:2      | Reached skill level 1 in Bows
   745 | D:2      | Reached skill level 1 in Crossbows
   745 | D:2      | Reached skill level 1 in Throwing
   745 | D:2      | Reached skill level 1 in Armour
   745 | D:2      | Reached skill level 1 in Stealth
   745 | D:2      | Reached skill level 1 in Shields
   745 | D:2      | Reached skill level 1 in Invocations
   745 | D:2      | Reached skill level 1 in Evocations
   745 | D:2      | Reached XP level 4. HP: 34/34 MP: 7/11
   775 | D:2      | Noticed Robin
   799 | D:2      | Killed Robin
   911 | D:2      | Reached skill level 1 in Conjurations
   911 | D:2      | Reached skill level 1 in Hexes
   911 | D:2      | Reached skill level 1 in Summonings
   911 | D:2      | Reached skill level 1 in Necromancy
   911 | D:2      | Reached skill level 1 in Translocations
   911 | D:2      | Reached skill level 1 in Fire Magic
   911 | D:2      | Reached skill level 1 in Ice Magic
   911 | D:2      | Reached skill level 1 in Air Magic
   911 | D:2      | Reached skill level 1 in Earth Magic
   911 | D:2      | Reached skill level 1 in Poison Magic
   989 | D:2      | Noticed Jessica
  1052 | D:2      | Killed Jessica
  1067 | D:2      | Reached XP level 5. HP: 40/40 MP: 10/12
  2293 | D:3      | Reached XP level 6. HP: 11/47 MP: 11/13
  2604 | D:3      | Reached skill level 5 in Dodging
  2758 | D:3      | Found a runed translucent door.
  2759 | D:3      | Noticed Crazy Yiuf
  3005 | D:3      | Found a faded altar of an unknown god.
  3222 | D:3      | Killed Crazy Yiuf
  3241 | D:3      | Learned a level 4 spell: Ice Form
  3412 | D:4      | Found a sparkling altar of Nemelex Xobeh.
  3421 | D:4      | Noticed Pikel
  3725 | D:4      | Killed Pikel
  3726 | D:4      | Reached skill level 7 in Unarmed Combat
  3726 | D:4      | Reached XP level 7. HP: 47/53 MP: 13/15
  3726 | D:4      | Reached XP level 8. HP: 53/60 MP: 13/16
  3872 | D:4      | Noticed Blork the orc
  3886 | D:4      | Killed Blork the orc
  4252 | D:4      | Identified 3 scrolls of acquirement
  4252 | D:4      | Acquired Sif Muna's Incunabulum of Arcane Weapons
  4255 | D:4      | Acquired the Volume of Calling
  4257 | D:4      | Acquired 958 gold pieces
  4343 | D:1      | Bought a book of the Sky for 484 gold pieces
  4343 | D:1      | Bought a book of Winter for 374 gold pieces
  4742 | D:4      | Learned a level 3 spell: Ozocubu's Armour
  4743 | D:5      | Entered Level 5 of the Dungeon
  5349 | D:5      | Found Ritan's Weapon Shop.
  5362 | D:5      | Reached skill level 5 in Transmutations
  5362 | D:5      | Reached XP level 9. HP: 66/66 MP: 15/18
  5578 | D:5      | Found a stormy altar of Qazlal.
  6488 | D:5      | Found a snail-covered altar of Cheibriados.
  6488 | D:5      | Found a sacrificial altar of Ru.
  6791 | D:5      | Became a worshipper of Cheibriados the Contemplative
  7193 | D:6      | Reached skill level 5 in Fighting
  7575 | D:6      | Identified the +1 long sword of Joyful Slaughter {flame,
                  | rC+ Dex+3}
  7916 | D:6      | Reached * piety under Cheibriados
  8081 | D:6      | Reached skill level 8 in Unarmed Combat
  8398 | D:7      | Learned a level 4 spell: Flame Wave
  8587 | D:7      | Noticed Maggie
  8642 | D:7      | Found a staircase to the Ecumenical Temple.
  8666 | D:7      | Killed Maggie
  8667 | D:7      | Reached skill level 5 in Invocations
  9499 | D:7      | Reached XP level 10. HP: 44/74 MP: 17/20
  9945 | D:8      | Learned a level 5 spell: Lightning Bolt
 10243 | D:8      | Noticed a gargoyle
 10264 | D:8      | Reached ** piety under Cheibriados
 10272 | D:8      | Killed a gargoyle
 10273 | D:8      | Reached skill level 5 in Short Blades
 10273 | D:8      | Reached skill level 5 in Long Blades
 10273 | D:8      | Reached skill level 5 in Axes
 10273 | D:8      | Reached skill level 5 in Maces & Flails
 10273 | D:8      | Reached skill level 5 in Polearms
 10273 | D:8      | Reached skill level 5 in Staves
 10273 | D:8      | Reached skill level 5 in Slings
 10273 | D:8      | Reached skill level 5 in Bows
 10273 | D:8      | Reached skill level 5 in Crossbows
 10273 | D:8      | Reached skill level 5 in Throwing
 10273 | D:8      | Reached skill level 5 in Armour
 10273 | D:8      | Reached skill level 5 in Stealth
 10273 | D:8      | Reached skill level 5 in Shields
 10273 | D:8      | Reached skill level 5 in Evocations
 11220 | D:8      | HP: 1/91 [yak (7)]
 12292 | D:10     | Entered Level 10 of the Dungeon
 12299 | D:9      | Reached *** piety under Cheibriados
 12583 | D:10     | Found a staircase to the Lair.
 12583 | D:10     | Found Wuray's Distillery.
 12799 | D:10     | Found a staircase to the Orcish Mines.
 13080 | D:10     | Reached XP level 11. HP: 83/83 MP: 18/22
 13158 | D:10     | Reached **** piety under Cheibriados
 13226 | D:10     | Reached skill level 9 in Unarmed Combat
 13230 | D:10     | Bought a potion of resistance for 100 gold pieces
 13230 | D:10     | Bought a potion of heal wounds for 50 gold pieces
 13230 | D:10     | Bought a potion of ambrosia for 80 gold pieces
 13230 | D:10     | Bought a potion of heal wounds for 50 gold pieces
 13230 | D:10     | Bought a potion of heal wounds for 50 gold pieces
 13334 | D:10     | Found a white marble altar of Elyvilon.
 13385 | D:10     | Reached skill level 5 in Conjurations
 13385 | D:10     | Reached skill level 5 in Hexes
 13385 | D:10     | Reached skill level 5 in Summonings
 13385 | D:10     | Reached skill level 5 in Necromancy
 13385 | D:10     | Reached skill level 5 in Translocations
 13385 | D:10     | Reached skill level 5 in Fire Magic
 13385 | D:10     | Reached skill level 5 in Ice Magic
 13385 | D:10     | Reached skill level 5 in Air Magic
 13385 | D:10     | Reached skill level 5 in Earth Magic
 13385 | D:10     | Reached skill level 5 in Poison Magic
 13672 | D:10     | Noticed Josephine
 13683 | D:10     | Killed Josephine
 14715 | D:11     | Noticed a boulder beetle
 14738 | D:11     | Killed a boulder beetle
 14758 | D:11     | Noticed Harold
 14776 | D:11     | Killed Harold
 14810 | D:11     | Found a gate leading to a gauntlet.
 14850 | Gauntlet | Entered a Gauntlet
 14850 | Gauntlet | Noticed a wretched star
 14850 | Gauntlet | Noticed a worldbinder
 14850 | Gauntlet | Found a transporter.
 14850 | Gauntlet | Found a transporter.
 14850 | Gauntlet | Found a transporter.
 14900 | Gauntlet | Found a transporter.
 14906 | Gauntlet | Found a large runed translucent door.
 14907 | Gauntlet | Found a large runed translucent door.
 14908 | Gauntlet | Found a large runed translucent door.
 14908 | Gauntlet | Found a large runed translucent door.
 14908 | Gauntlet | Found a runed translucent door.
 14908 | Gauntlet | Found a runed translucent door.
 14909 | Gauntlet | Found a large runed translucent door.
 14910 | Gauntlet | Found a large runed translucent door.
 14910 | Gauntlet | Found a large runed translucent door.
 14910 | Gauntlet | Found a large runed translucent door.
 14910 | Gauntlet | Found a large runed translucent door.
 14910 | Gauntlet | Found a large runed translucent door.
 14911 | Gauntlet | Found a large runed translucent door.
 14912 | Gauntlet | Found a large runed translucent door.
 14914 | Gauntlet | Found a transporter.
 14914 | Gauntlet | Found a large runed translucent door.
 14914 | Gauntlet | Found a large runed translucent door.
 14914 | Gauntlet | Found a large runed translucent door.
 14914 | Gauntlet | Found a large runed translucent door.
 14921 | Gauntlet | Found a runed translucent gate.
 14921 | Gauntlet | Found a runed translucent gate.
 14921 | Gauntlet | Found a runed translucent gate.
 14922 | Gauntlet | Found a transporter.
 14936 | Gauntlet | Found a transporter.
 14937 | Gauntlet | Found a transporter.
 14937 | Gauntlet | Found a transporter.
 14937 | Gauntlet | Noticed an obsidian statue
 14937 | Gauntlet | Noticed a fire crab
 15004 | Gauntlet | Found a transporter.
 15010 | Gauntlet | Noticed a necromancer
 15020 | Gauntlet | Found a transporter.
 15039 | Gauntlet | Found a transporter.
 15150 | D:11     | Reached ***** piety under Cheibriados
 15467 | D:11     | Noticed a green ugly thing
 16108 | Lair:1   | Entered Level 1 of the Lair of Beasts
 16158 | Lair:1   | Noticed a four-headed hydra
 16168 | Lair:1   | Reached XP level 12. HP: 91/91 MP: 24/24
 16272 | Lair:1   | Noticed a six-headed hydra
 16277 | Lair:1   | Killed a six-headed hydra
 16660 | Lair:1   | Killed a four-headed hydra
 17179 | Lair:2   | Noticed Nergalle
 17195 | Lair:2   | Killed Nergalle
 17574 | Lair:2   | Noticed a seven-headed hydra
 17582 | Lair:2   | Killed a seven-headed hydra
 17933 | Lair:2   | Reached skill level 10 in Unarmed Combat
 19306 | Lair:2   | Found a staircase to the Swamp.
 19684 | Lair:3   | Found a burning altar of Makhleb.
 19830 | Lair:3   | Reached XP level 13. HP: 98/98 MP: 20/26
 20739 | Lair:4   | Found a staircase to the Snake Pit.
 21778 | Lair:4   | Acquired 1132 gold pieces
 22036 | Lair:4   | Reached skill level 10 in Spellcasting
 23039 | Lair:5   | Reached ****** piety under Cheibriados
 23297 | Lair:5   | Noticed an ice dragon
 23313 | Lair:5   | Killed an ice dragon
 23314 | Lair:5   | Reached skill level 10 in Dodging
 23314 | Lair:5   | Reached skill level 11 in Unarmed Combat
 23326 | Lair:5   | Reached XP level 14. HP: 29/108 MP: 28/28
 24016 | Lair:5   | Noticed Kirke
 24249 | Lair:5   | Killed Kirke
 24774 | Lair:5   | Reached skill level 10 in Invocations
 24958 | Lair:6   | Entered Level 6 of the Lair of Beasts
 25041 | D:10     | Learned a level 6 spell: Summon Cactus Giant
 25174 | D:11     | Noticed Psyche
 25181 | D:11     | Killed Psyche
 25902 | D:12     | Acquired a book of the Dragon
 26336 | D:13     | Found a frozen archway.
 26350 | IceCv    | Entered an ice cave
 27024 | IceCv    | Reached skill level 10 in Fighting
 27033 | IceCv    | HP: 4/132 [ironbound frostheart/creeping frost (14)]
 27412 | IceCv    | Killed from afar by an ironbound frostheart

Illustrated notes

Levels and vault maps discovered:
D:1:      giann_bridges, layout_basic, serial_shops, shop,
          grunt_decor_mini_mirrors
D:2:      layout_basic, uniq_natasha, uniq_jessica, uniq_robin
D:3:      layout_rooms, shapermc_ecumenical_altar_mp_highgroup,
          hangedman_decor_opposing, uniq_crazy_yiuf_cottage
D:4:      layout_gridville, nemelex_xobeh_ov_fountains_minmay,
          hangedman_abyss_or_decor_lesser_grid, kennysheep_generic_room_2,
          uniq_blork_the_orc, uniq_pikel
D:5:      layout_basic, overflow_temple_1_default,
          nicolae_overflow_hidden_temple, serial_shops, shop, st_stairs_13,
          minmay_fractal_squares_5
D:6:      layout_basic, lexackson_kobold_supper
D:7:      layout_basic, minmay_temple_entry_statues_fountains,
          dk_noncrumbling_3, uniq_maggie
D:8:      layout_loops_corners, minmay_misc_feat_room
D:9:      layout_basic
D:10:     layout_long_grid, elyvilon_altar_3, due_lair_maze_entry_diamond,
          erik_orc_1, serial_shops, shop, serial_co_window_serial,
          co_window_paths_b, co_window_paths_a, co_window_corner_a,
          co_window_of_opportunity_a, co_window_paths_b, co_window_broadway_b,
          co_window_of_opportunity_c, co_window_broadway_b, co_window_corner_b,
          co_window_corner_b, co_window_corner_b, glass_columns_b,
          glass_columns_a, glass_columns_b, glass_columns_c, uniq_josephine
D:11:     layout_loops_cross, gauntlet_entry_generic, serial_bayou_crossing,
          uniq_psyche, uniq_harold
D:12:     layout_irregular_city
D:13:     layout_roguey, skrybe_vaults_entry_preservation, enter_bailey_3,
          portal_ice_cave_entry_pillars_2, special_room [special_room_orc]
Lair:1:   layout_gridlike, serial_bayou_pond_c, serial_bayou_shore_a,
          grunt_megastairs_2, lemuel_fruit_fields
Lair:2:   layout_gridlike, minmay_swamp_entry_worms, uniq_nergalle
Lair:3:   layout_loops_ring, basic_altar
Lair:4:   layout_regular_city, minmay_snake_entry_six_corridors,
          hangedman_lair_generics_rect
Lair:5:   cheibrodos_lair_overgrown_chateau, layout_misc_corridors, ice2_lemuel,
          lemuel_fruit_fields, uniq_kirke
Lair:6:   wormcave, layout_regular_city, hangedman_lair_in_review,
          slime_altar_2, hibernation_bobbens
IceCv:    ice_cave_caverns_02

Skill      XL: |  1  2  3  4  5  6  7  8  9 10 11 12 13 14 |
---------------+-------------------------------------------+-----
Spellcasting   | 5 6 7 8 9 10 | 10.8
Short Blades   | 1 2 3 4 5 6 7 8 9 |  9.6
Long Blades    | 1 2 3 4 5 6 7 8 9 |  9.6
Axes           | 1 2 3 4 5 6 7 8 9 |  9.6
Maces & Flails | 1 2 3 4 5 6 7 8 9 |  9.6
Polearms       | 1 2 3 4 5 6 7 8 9 |  9.6
Staves         | 1 2 3 4 5 6 7 8 9 |  9.6
Slings         | 1 2 3 4 5 6 7 8 9 |  9.6
Bows           | 1 2 3 4 5 6 7 8 9 |  9.6
Crossbows      | 1 2 3 4 5 6 7 8 9 |  9.6
Throwing       | 1 2 3 4 5 6 7 8 9 |  9.6
Armour         | 1 2 3 4 5 6 7 8 9 |  9.6
Stealth        | 1 2 3 4 5 6 7 8 9 |  9.6
Shields        | 1 2 3 4 5 6 7 8 9 |  9.6
Invocations    | 1 2 3 4 5 6 7 8 9 10 | 10.5
Evocations     | 1 2 3 4 5 6 7 8 9 |  9.6
Conjurations   | 1 2 3 4 5 6 7 8 |  8.0
Hexes          | 1 2 3 4 5 6 7 8 |  8.0
Summonings     | 1 2 3 4 5 6 7 8 |  8.0
Necromancy     | 1 2 3 4 5 6 7 8 |  8.0
Translocations | 1 2 3 4 5 6 7 8 |  8.0
Fire Magic     | 1 2 3 4 5 6 7 8 |  8.0
Ice Magic      | 1 2 3 4 5 6 7 8 |  8.0
Air Magic      | 1 2 3 4 5 6 7 8 |  8.0
Earth Magic    | 1 2 3 4 5 6 7 8 |  8.0
Poison Magic   | 1 2 3 4 5 6 7 8 |  8.0
Fighting       | 3 4 5 6 7 8 9 10 | 10.0
Transmutations | 4 5 6 7 8 9 |  9.0
Dodging        | 5 6 7 8 9 10 | 10.7
Unarmed Combat | 7 8 9 10 11 | 11.6

Action                   |  1- 3 |  4- 6 |  7- 9 | 10-12 | 13-15 || total
-------------------------+-------+-------+-------+-------+-------++-------
Melee: Unarmed           |    63 |   203 |   280 |   508 |   520 ||  1574
       Headbutt          |     6 |     8 |       |       |       ||    14
       Kick              |     9 |     7 |       |       |       ||    16
       Punch             |     1 |     2 |       |     1 |       ||     4
       Bite              |     2 |     3 |     3 |       |     1 ||     9
 Cast: Beastly Appendage |    16 |    16 |       |       |       ||    32
       Spider Form       |     1 |    20 |    43 |     8 |     1 ||    73
       Wereblood         |       |     2 |     1 |     4 |     9 ||    16
       Ice Form          |       |       |     1 |    52 |    49 ||   102
       Ozocubu's Armour  |       |       |     1 |    12 |     9 ||    22
       Flame Wave        |       |       |     1 |     6 |     1 ||     8
       Lightning Bolt    |       |       |       |    17 |     7 ||    24
       Summon Cactus Gia |       |       |       |       |    10 ||    10
Invok: Bend Time         |       |       |       |     1 |       ||     1
 Abil: End Transformatio |       |       |     2 |     2 |       ||     4
  Use: Scroll            |       |       |    11 |     8 |     6 ||    25
       Potion            |       |       |     2 |     6 |    10 ||    18
 Stab: Sleeping          |     2 |     2 |     4 |     6 |     6 ||    20
       Distracted        |       |       |     2 |       |     2 ||     4
Armor: Robe              |    10 |    11 |     3 |       |       ||    24
       Skin              |       |     7 |    11 |   168 |   192 ||   378
       Swamp dragon scal |       |       |       |     6 |     1 ||     7
Dodge: Dodged            |    40 |   162 |   228 |   538 |   708 ||  1676

Table legend: (Time is in decaauts)
 A = Elapsed time spent in this place.
 B = Non-inter-level travel time spent in this place.
 C = Inter-level travel time spent in this place.
 D = Time resting spent in this place.
 E = Time spent auto-exploring this place.
 F = Levels seen in this place.
 G = Mean time per level.
                   A        B        C        D        E       F      G
               +--------+--------+--------+--------+--------+-----+--------+
         Total |  34519 |  32261 |   2258 |   7979 |  17176 |  21 | 1643.8 |
       Dungeon |  20408 |  18645 |   1763 |   4175 |  10084 |  13 | 1569.8 |
          Lair |  12329 |  11834 |    495 |   3403 |   6174 |   6 | 2054.8 |
      Ice Cave |   1411 |   1411 |      0 |    352 |    700 |   1 | 1411.0 |
      Gauntlet |    369 |    369 |      0 |     49 |    216 |   1 |  369.0 |
               +--------+--------+--------+--------+--------+-----+--------+

Top non-repeatable levels by time:
  Lair:2: 2977 daAuts
  Lair:4: 2965 daAuts
  Lair:5: 2893 daAuts
    D:10: 2759 daAuts
     D:6: 2246 daAuts
     D:8: 2122 daAuts
     D:7: 2048 daAuts
     D:3: 2035 daAuts
     D:5: 1824 daAuts
  Lair:1: 1788 daAuts
  Lair:3: 1704 daAuts
    D:12: 1587 daAuts
    D:11: 1521 daAuts
   IceCv: 1411 daAuts
     D:9: 1367 daAuts
